 Dungeon Crawl Stone Soup version 0.19.5 (console) character file.

105246 hawthornbunny the Blocker (level 16, -12/136 HPs)
             Began as a Ghoul Artificer on May 24, 2017.
             Mangled by a fire giant
             ... wielding a +2 great sword of flaming
              (23 damage)
             ... on level 14 of the Dungeon.
             The game lasted 02:04:07 (23269 turns).

hawthornbunny the Blocker (Ghoul Artificer)        Turns: 23269, Time: 02:04:10

Health: -12/136    AC: 17    Str: 28    XL:     16   Next: 40%
Magic:  18/18      EV:  4    Int: 14    God:
Gold:   810        SH:  0    Dex: 13    Spells: 0 memorised, 20 levels left

rFire  + + .     SeeInvis .     T - +7 long sword {speed, rN+ Str-2 Dex+5}
rCold  . . .     Gourm    .     O - +3 fire dragon scales
rNeg   + + +     Faith    .     F - +2 large shield
rPois  ∞         Spirit   .     n - +0 helmet "Misirrao" {Regen+ Str+7 Int+3 Dex-3}
rElec  .         Reflect  +     (no cloak)
rCorr  .         Harm     .     l - +0 pair of gloves
MR     ++...                    X - +0 pair of boots
Stlth  ++........               Y - amulet of Mutualism {Reflect rN+ Int+3 SH+3}
                                H - ring "Hiuh Wiz" {Str+2 Int+2 Stlth+}
                                E - ring of protection from magic

@: held, rotting
A: rotting body, claws 1, carnivore 3, cold resistance 1, negative energy
resistance 3, slow regeneration 1, torment resistance, unbreathing
a: no special abilities


You were on level 14 of the Dungeon.
You were not hungry.

You visited 3 branches of the dungeon, and saw 24 of its levels.
You also visited: Labyrinth.

You collected 1447 gold pieces.
You spent 637 gold pieces at shops.

Inventory:

Hand Weapons
 B - a +5 short sword of draining
 G - a +2 longbow of freezing
 T - the +7 long sword "Ifar" (weapon) {speed, rN+ Str-2 Dex+5}
   (You found it on level 4 of the Lair of Beasts)

   Attacks with this weapon are significantly faster.
   It affects your strength (-2).
   It affects your dexterity (+5).
   It protects you from negative energy.
 V - the +6 spear of Apevurph {flame, rF- rN+ Str+2 Int+4}
   (You found it on level 11 of the Dungeon)

   It has been specially enchanted to burn those struck by it, causing extra
   injury to most foes and up to half again as much damage against particularly
   susceptible opponents.
   It affects your strength (+2).
   It affects your intelligence (+4).
   It makes you vulnerable to fire.
   It protects you from negative energy.
Missiles
 k - 798 stones
 s - 4 throwing nets
 x - 37 tomahawks
 y - 18 javelins (quivered)
 J - 7 poisoned tomahawks
 K - 203 arrows
Armour
 b - a +2 chain mail
 g - the +0 ring mail "Guaxkunu" {*Drain Regen+ rCorr Str+2 Int+8}
   (You found it on level 5 of the Lair of Beasts)

   It affects your strength (+2).
   It affects your intelligence (+8).
   It increases your rate of regeneration.
   It protects you from acid and corrosion.
   It causes draining when unequipped.
 i - the +3 hat of Pondering {ponderous, MR+ MP+10 Int+5}
   (You took it off Gastronok on level 3 of the Lair of Beasts)

   It affects your intelligence (+5).
   It affects your resistance to hostile enchantments.
   It affects your magic capacity (+10).
 l - a +0 pair of gloves (worn)
 n - the +0 helmet "Misirrao" (worn) {Regen+ Str+7 Int+3 Dex-3}
   (You found it on level 11 of the Dungeon)

   It affects your strength (+7).
   It affects your intelligence (+3).
   It affects your dexterity (-3).
   It increases your rate of regeneration.
 p - the +1 ring mail "Kunnisia" {Str+5}
   (You found it on level 1 of the Lair of Beasts)

   It affects your strength (+5).
 F - a +2 large shield (worn)
 O - +3 fire dragon scales (worn)
 X - a +0 pair of boots (worn)
Jewellery
 E - a ring of protection from magic (left hand)
 H - the ring "Hiuh Wiz" (right hand) {Str+2 Int+2 Stlth+}
   (You found it in a labyrinth)

   [ring of intelligence]

   It affects your strength (+2).
   It affects your intelligence (+2).
   It makes you more stealthy.
 Y - the amulet of Mutualism (around neck) {Reflect rN+ Int+3 SH+3}
   (You bought it in a shop on level 13 of the Dungeon)

   [amulet of reflection]

   It shields you and reflects attacks.
   It affects your intelligence (+3).
   It protects you from negative energy.
   It affects your SH (+3).
Wands
 c - a wand of flame (21/48)
 d - a wand of enslavement (10/24)
 e - a wand of teleportation (1/9)
 m - a wand of teleportation (2/9)
 o - a wand of flame (17/48)
 r - a wand of paralysis (3/24)
 z - a wand of lightning (4/15)
 A - a wand of slowing (23/48)
 L - a wand of lightning (7/15)
 M - a wand of confusion (25/48)
 N - a wand of slowing (29/48)
 W - a wand of disintegration (10/24)
 Z - a wand of digging (9/24)
Scrolls
 a - a scroll of fear
 j - a scroll of immolation
 q - a scroll of vulnerability
 t - 8 scrolls of identify
 u - 4 scrolls of amnesia
 v - a scroll of recharging
 w - 8 scrolls of remove curse
 D - 8 scrolls of teleportation
 I - 3 scrolls of magic mapping
 R - a scroll of summoning
 S - 3 scrolls of brand weapon
Potions
 h - a potion of invisibility
 C - a potion of cancellation
Comestibles
 f - 10 meat rations
 U - 2 chunks of flesh


   Skills:
 + Level 10.6(6.6) Fighting
 + Level 11.9(8.1) Short Blades
 + Level 3.8(4.7) Long Blades
 + Level 0.3(0.5) Polearms
   Level 1.6(0.8) Staves
   Level 2.7 Slings
 + Level 1.5(0.7) Bows
 + Level 7.4(3.8) Throwing
 + Level 10.6(6.6) Armour
 + Level 6.6(3.3) Dodging
 + Level 5.6(2.8) Stealth
 + Level 13.5(9.5) Shields
 + Level 3.4(1.7) Unarmed Combat
 + Level 2.6(1.3) Spellcasting
 + Level 5.3(2.6) Evocations


You had 20 spell levels left.
You didn't know any spells.

Dungeon Overview and Level Annotations

Branches:
Dungeon (14/15)            Temple (0/1) D:7            Lair (6/6) D:11
 Shoals (4/4) Lair:2       Spider (0/4) Lair:4        Slime (0/5) Lair:5
    Orc (0/2) D:9          Vaults (0/5) D:13

Altars:
Ashenzari
Dithmenos
Elyvilon
Nemelex Xobeh
Uskayaw
Yredelemnul
The Shining One

Shops:
D:4 :   D:7 (   D:13 ![=   Shoals:3 *

Annotations:
Shoals:4 Ilsuiw


Innate Abilities, Weirdness & Mutations

Your body is rotting away.
You thrive on raw meat.
You are immune to poison.
You have sharp fingernails.
You are carnivorous and can eat meat at any time.
Your flesh is cold resistant. (rC+)
You are immune to negative energy. (rN+++)
You regenerate slowly when monsters are visible.
You are immune to unholy pain and torment.
You can survive without breathing.


Message History

Your fire dragon scales prevents you from hitting the centaur warrior.
The centaur warrior is almost dead.
The jumping spider pounces on you!
You are caught in a web!
The jumping spider barely misses you. The centaur hits you!
* * * LOW HITPOINT WARNING * * *
The centaur warrior hits you!
* * * LOW HITPOINT WARNING * * *
The hell rat bites you!
* * * LOW HITPOINT WARNING * * *
The hell rat bites you but does no damage.
Eat one of 2 chunks of flesh? (ye/n/q)
You start eating one of the 2 chunks of flesh.
The ogre mage shouts!
The jumping spider pounces on you.
* * * LOW HITPOINT WARNING * * *
The jumping spider bites you but does no damage.
The centaur hits you but does no damage.
The centaur warrior hits you!
* * * LOW HITPOINT WARNING * * *
The fire giant hits you with a great sword of flaming!!
You die...

......................
#.#
##..##.######.........
##.## ..# ..
#..####### #...# ..#
###..# #.⌠.#
#....#########...#
##...........##.##
#....#######)..#
###..# #..##
###########.##
5O##Qecr/##....#
.WCTpZc@.......#
.##.lsCrs.##...#
#..Fo#o...##..#
##.......###..#
.'.......# #..#
..##$...[## ...# .
###+### ...# ..#


You could see a fire giant, a death knight, a tengu warrior, a centaur warrior,
an ogre mage, a cyclops, a deep troll earth mage, a freezing wraith, a deep elf
mage, a basilisk, a jumping spider, a tarantella, 2 orc warriors, a bullfrog, a
centaur, 2 hell rats, a shadow imp and a meliai zombie.

Vanquished Creatures
  Rupert (Lair:4)
  Gastronok (Lair:3)
  Frances (Shoals:2)
  3 merfolk impalers
  A minotaur (Lab)
  Fannar (D:11)
  Harold (D:11)
  3 hydras
  A catoblepas (Lair:6)
  3 merfolk avatars
  A death knight (D:13)
  2 merfolk aquamancers (Shoals:3)
  An alligator snapping turtle (Shoals:3)
  A death yak (Lair:6)
  A deep elf knight (D:14)
  7 manticores
  A skeletal warrior (D:13)
  6 sea snakes
  An unseen horror (D:11)
  A phantasmal warrior (D:13)
  13 harpies
  3 hill giants
  2 deep elf magi
  An ugly thing (D:12)
  10 fauns
  A faun (shapeshifter) (D:13)
  4 cyclopes
  A centaur zombie (D:10)
  5 sirens
  An elephant (shapeshifter) (D:14)
  4 black mambas
  4 water nymphs
  The ghost of CaptainHindsight the Carver, a novice MiGl (D:5)
  6 spiny frogs
  2 komodo dragons
  5 centaur skeletons
  A kobold demonologist (D:13)
  3 rime drakes
  2 freezing wraiths (D:13)
  4 trolls
  17 merfolk
  A wind drake (Shoals:1)
  A meliai (D:13)
  A polar bear (Lair:4)
  22 blink frogs
  2 slime creatures
  8 snapping turtles
  10 hippogriffs
  4 dream sheep (Shoals:2)
  A redback (Lair:4)
  A spriggan (Lair:4)
  10 water elementals
  2 shadows
  47 yaks
  4 hungry ghosts
  2 wyverns
  2 basilisks
  A steam dragon (D:12)
  4 vampire mosquitoes (D:14)
  3 wargs (D:11)
  3 porcupines
  4 water moccasins
  9 ice beasts
  An eye of draining (D:12)
  9 orc warriors
  2 black bears (Lair:4)
  4 sky beasts
  8 ogres
  2 phantoms
  12 crocodiles
  8 centaurs
  6 wolves
  18 bullfrogs
  A big kobold (D:8)
  A wyvern zombie (D:10)
  2 wyvern skeletons (D:10)
  3 scorpions
  3 wights (D:9)
  9 killer bees
  An electric eel (Lair:2)
  3 howler monkeys (D:8)
  4 crimson imps
  A quasit (D:10)
  2 bullfrog zombies
  3 bullfrog skeletons
  4 hounds
  3 jellies
  14 orc priests
  12 orc wizards
  3 iguanas
  13 worker ants
  A hound zombie (D:5)
  2 hound skeletons
  3 worker ant zombies
  11 adders
  A howler monkey skeleton (D:8)
  2 shadow imps
  An adder skeleton (D:7)
  A worm (D:2)
  A dart slug (D:1)
  8 leopard geckos
  42 orcs
  6 giant cockroaches
  8 goblins
  7 hobgoblins
  11 jackals
  6 kobolds
  2 quokkas
  5 bats
  4 frilled lizards
  A jackal skeleton (D:4)
  A quokka skeleton (D:7)
  2 rats
  2 fungi (Lair:6)
550 creatures vanquished.

Vanquished Creatures (collateral kills)
  A vault guard (D:13)
  An ogre mage (D:13)
  A hill giant (D:13)
  A meliai (D:13)
  A slime creature (D:13)
  An ogre (D:13)
  A bullfrog (D:4)
  An orc priest (D:9)
  An orc wizard (D:9)
  A bat (D:2)
10 creatures vanquished.

Vanquished Creatures (others)
  A merfolk javelineer (Shoals:2)
  3 vault guards (D:13)
  3 satyrs
  A two-headed ogre (D:13)
  3 fauns
  A meliai (D:13)
  An orc warrior (D:9)
  A shadow imp (D:11)
  2 fungi
  23 plants
39 creatures vanquished.

Grand Total: 599 creatures vanquished

Notes
Turn   | Place    | Note
-------+----------+-------------------------------------------
     0 | D:1      | hawthornbunny the Ghoul Artificer began the quest for the Orb.
     0 | D:1      | Reached XP level 1. HP: 16/16 MP: 1/1
   268 | D:1      | Reached XP level 2. HP: 20/23 MP: 3/3
   302 | D:1      | Reached skill level 1 in Short Blades
   781 | D:2      | Reached XP level 3. HP: 22/28 MP: 4/4
  1491 | D:2      | Reached XP level 4. HP: 34/36 MP: 5/5
  1685 | D:3      | Found a glowing golden altar of the Shining One.
  1777 | D:3      | Found a shadowy altar of Dithmenos.
  1779 | D:3      | Found a shattered altar of Ashenzari.
  1780 | D:3      | Found a white marble altar of Elyvilon.
  1849 | D:3      | Became a worshipper of Ashenzari the Shackled
  1945 | D:3      | Found a faded altar of an unknown god.
  2314 | D:3      | Reached skill level 1 in Armour
  2481 | D:4      | Noticed a dagger
  2483 | D:4      | Reached XP level 5. HP: 41/41 MP: 6/6
  2484 | D:4      | Found a hide-covered altar of Uskayaw.
  2484 | D:4      | Noticed a dagger
  2500 | D:4      | Noticed a centaur
  2515 | D:4      | Killed a centaur
  2600 | D:4      | Reached XP level 6. HP: 47/48 MP: 7/7
  2801 | D:4      | Found Heisas's Book Shop.
  3119 | D:5      | Entered Level 5 of the Dungeon
  3224 | D:5      | Noticed CaptainHindsight's ghost (novice MiGl)
  3681 | D:5      | Noticed a phantom
  3692 | D:5      | Reached XP level 7. HP: 36/55 MP: 8/8
  3978 | D:5      | HP: 1/56 [CaptainHindsight's ghost (8)]
  4587 | D:6      | Reached XP level 8. HP: 60/63 MP: 9/9
  4588 | D:6      | Reached * piety under Ashenzari
  4937 | D:6      | Reached skill level 5 in Short Blades
  5203 | D:7      | Reached skill level 5 in Armour
  5334 | D:7      | Found a staircase to the Ecumenical Temple.
  5546 | D:7      | Reached XP level 9. HP: 50/72 MP: 10/10
  5563 | D:7      | Reached skill level 1 in Shields
  5615 | D:7      | Found Gayhuwot's Antique Weapon Boutique.
  5863 | D:7      | Reached skill level 2 in Shields
  5964 | D:7      | Reached skill level 5 in Fighting
  6009 | D:8      | Reached skill level 3 in Shields
  6097 | D:8      | Identified the cursed +0 quarterstaff of the Revolution {freeze, Str+5 Int-2}
  6634 | D:9      | Reached skill level 4 in Shields
  6717 | D:9      | Reached ** piety under Ashenzari
  7035 | D:9      | Reached XP level 10. HP: 74/81 MP: 11/11
  7209 | D:9      | Reached skill level 5 in Shields
  7264 | D:9      | Found a staircase to the Orcish Mines.
  7282 | D:9      | Reached skill level 1 in Throwing
  7956 | D:5      | Killed CaptainHindsight's ghost
  8065 | D:10     | Entered Level 10 of the Dungeon
  8066 | D:10     | Noticed a hill giant
  8479 | D:10     | Noticed a hill giant
  8499 | D:10     | Killed a hill giant
  8499 | D:10     | Reached skill level 6 in Shields
  8572 | D:10     | Reached XP level 11. HP: 82/89 MP: 12/12
  8970 | D:10     | Reached skill level 1 in Spellcasting
  8970 | D:10     | Reached XP level 12. HP: 97/97 MP: 12/14
  8985 | D:10     | Reached skill level 7 in Shields
  8990 | D:10     | Reached skill level 1 in Staves
  8990 | D:10     | Reached skill level 1 in Bows
  8990 | D:10     | Reached skill level 5 in Throwing
  8990 | D:10     | Reached skill level 5 in Stealth
  8990 | D:10     | Reached XP level 13. HP: 97/105 MP: 15/15
  9031 | D:11     | Noticed Harold
  9060 | D:11     | Killed Harold
  9060 | D:11     | Reached skill level 5 in Dodging
  9191 | D:11     | Got the cursed helmet "Misirrao" {Regen+ Str+7 Int+3 Dex-3}
  9197 | D:11     | Identified the cursed +0 helmet "Misirrao" {Regen+ Str+7 Int+3 Dex-3} (You found it on level 11 of the Dungeon)
  9286 | D:11     | Found a staircase to the Lair.
  9527 | D:11     | Reached *** piety under Ashenzari
  9558 | D:11     | Identified the +6 spear of Apevurph {flame, rF- rN+ Str+2 Int+4}
  9756 | D:11     | Noticed Fannar
  9784 | D:11     | Killed Fannar
  9784 | D:11     | Reached skill level 10 in Short Blades
  9784 | D:11     | Reached skill level 8 in Shields
 11083 | D:13     | Found a basalt altar of Yredelemnul.
 11354 | D:13     | Found Xicuuden's Antique Armour Boutique.
 11362 | D:13     | Found Dampakeps's Jewellery Shoppe.
 11371 | D:13     | Bought the amulet of Mutualism {Reflect rN+ Int+3 SH+3} for 637 gold pieces
 11459 | D:13     | Found Kenloer's Distillery.
 11536 | D:13     | Found a gate to the Vaults.
 11536 | D:13     | Reached **** piety under Ashenzari
 11536 | D:13     | Noticed a vault guard
 11536 | D:13     | Noticed a vault guard
 11536 | D:13     | Noticed a vault guard
 11537 | D:13     | Noticed a vault guard
 11550 | D:13     | Killed a vault guard
 11608 | D:13     | Reached skill level 5 in Evocations
 11654 | D:13     | Reached XP level 14. HP: 80/115 MP: 16/16
 11973 | D:13     | Reached skill level 9 in Shields
 12665 | Lair:1   | Entered Level 1 of the Lair of Beasts
 12952 | Lair:1   | Identified the +1 ring mail "Kunnisia" {Str+5}
 13230 | Lair:1   | You fall through a shaft!
 13384 | Lair:2   | Found a labyrinth entrance.
 13398 | Lab      | Entered a labyrinth
 13800 | Lab      | Identified the ring "Hiuh Wiz" {Str+2 Int+2 Stlth+}
 13800 | Lab      | Identified the +1 helmet of New Discoveries {rC+ SInv}
 13982 | Lair:2   | Reached ***** piety under Ashenzari
 14005 | Lair:2   | Found a staircase to the Shoals.
 14865 | Shoals:1 | Entered Level 1 of the Shoals
 14947 | Shoals:1 | Reached skill level 10 in Shields
 15977 | Shoals:2 | Reached skill level 11 in Shields
 16266 | Shoals:2 | Noticed Frances
 16477 | Shoals:2 | Reached XP level 15. HP: 82/122 MP: 17/17
 16667 | Shoals:2 | Killed Frances
 17083 | Shoals:3 | Found Ogatypsy's General Store.
 17507 | Shoals:3 | Reached skill level 10 in Armour
 17507 | Shoals:3 | Reached skill level 12 in Shields
 17606 | Shoals:3 | HP: 1/126 [snapping turtle (9)]
 17991 | Shoals:4 | Entered Level 4 of the Shoals
 18844 | Shoals:4 | Reached skill level 10 in Fighting
 19059 | Shoals:4 | Noticed Ilsuiw
 19275 | Lair:3   | Reached ****** piety under Ashenzari
 19460 | Lair:3   | Noticed Gastronok
 19484 | Lair:3   | Killed Gastronok
 19874 | Lair:4   | Reached skill level 13 in Shields
 19971 | Lair:4   | Noticed Rupert
 20002 | Lair:4   | Killed Rupert
 20002 | Lair:4   | Reached XP level 16. HP: 57/134 MP: 18/18
 20050 | Lair:4   | Found a hole to the Spider Nest.
 20138 | Lair:4   | Fell from the grace of Ashenzari
 20341 | Lair:4   | Got a crude long sword
 20342 | Lair:4   | Identified the +7 long sword "Ifar" {speed, rN+ Str-2 Dex+5} (You found it on level 4 of the Lair of Beasts)
 20791 | Lair:5   | Got a crude plate armour
 20802 | Lair:5   | Identified the cursed +0 plate armour "Xath" {*Drain MR+ Str-4 Dex+5} (You found it on level 5 of the Lair of Beasts)
 20883 | Lair:5   | Got a faintly humming ring mail
 20884 | Lair:5   | Identified the +0 ring mail "Guaxkunu" {*Drain Regen+ rCorr Str+2 Int+8} (You found it on level 5 of the Lair of Beasts)
 20913 | Lair:5   | Reached skill level 1 in Long Blades
 20926 | Lair:5   | Found a sparkling altar of Nemelex Xobeh.
 21491 | Lair:5   | Found a staircase to the Slime Pits.
 21624 | Lair:6   | Entered Level 6 of the Lair of Beasts
 23101 | D:14     | Found a white marble altar of Elyvilon.
 23269 | D:14     | Mangled by a fire giant

Skill      XL: |  1  2  3  4  5  6  7  8  9 10 11 12 13 14 15 16 |
---------------+-------------------------------------------------+-----
Evocations     | 3 4 5 |  5.3
Short Blades   | 1 2 3 4 6 7 8 9 10 11 | 11.9
Dodging        | 2 3 4 5 6 |  6.6
Stealth        | 2 3 4 5 |  5.6
Armour         | 1 2 3 4 5 6 7 8 9 10 | 10.6
Fighting       | 2 3 4 5 6 7 8 9 10 | 10.6
Shields        | 4 6 7 8 11 13 | 13.5
Throwing       | 3 4 5 7 |  7.4
Slings         | 2 |  2.7
Unarmed Combat | 2 3 |  3.4
Spellcasting   | 1 2 |  2.6
Staves         | 1 |  1.6
Bows           | 1 |  1.5
Long Blades    | 3 |  3.8
Polearms       | |  0.3

Action                   |  1- 3 |  4- 6 |  7- 9 | 10-12 | 13-15 | 16-18 || total
-------------------------+-------+-------+-------+-------+-------+-------++-------
Melee: Short sword       |   106 |   152 |   481 |   365 |  2245 |    36 ||  3385
       Dagger            |       |    35 |       |       |       |       ||    35
       Long sword        |       |       |       |       |       |   476 ||   476
       Spear             |       |       |       |       |       |    16 ||    16
Throw: Stone             |       |       |     3 |       |       |       ||     3
       Tomahawk          |       |       |     4 |    11 |    25 |       ||    40
       Javelin           |       |       |       |       |     4 |    41 ||    45
Invok: Curse Item        |       |     2 |     1 |       |     3 |       ||     6
       Scrying           |       |       |       |     1 |       |       ||     1
       Renounce Religion |       |       |       |       |       |     1 ||     1
Evoke: Wand              |    13 |     7 |     8 |     2 |    44 |       ||    74
       Phantom mirror    |       |       |       |       |       |     1 ||     1
  Use: Scroll            |     1 |     6 |     5 |     2 |    13 |     9 ||    36
       Potion            |       |       |     6 |     6 |    13 |     2 ||    27
 Stab: Sleeping          |     6 |     1 |       |       |       |       ||     7
       Paralysed         |     4 |       |       |       |     8 |       ||    12
       Invisible         |       |       |       |       |     1 |     1 ||     2
  Eat: Chunk             |     5 |     6 |    29 |    19 |    96 |    67 ||   222
       Pizza             |       |     2 |       |       |     3 |     2 ||     7
       Beef jerky        |       |       |     1 |       |     2 |     3 ||     6
       Royal jelly       |       |       |       |       |     1 |     4 ||     5
       Meat ration       |       |       |       |       |     1 |       ||     1
Armor: Leather armour    |    17 |       |       |       |       |       ||    17
       Ring mail         |     8 |    35 |       |       |       |     2 ||    45
       Chain mail        |       |    72 |   234 |    79 |   468 |    24 ||   877
       Fire dragon scale |       |       |       |       |       |    55 ||    55
       Skin              |       |       |       |       |       |     8 ||     8
Dodge: Dodged            |    63 |   107 |    97 |    33 |   262 |    82 ||   644
Block: Large shield      |       |       |   217 |   230 |  2055 |   642 ||  3144
       Reflection        |       |       |       |       |    59 |     4 ||    63
       Rpst.: Long sword |       |       |       |       |       |    22 ||    22
